 Dungeon Crawl Stone Soup version 0.30-a0-1163-gf69bf04e7a (webtiles) character file.

Game seed: 12928885922310506023

70 Arzdou the Digger (level 3, -2/26 HPs)
             Began as a Demigod Earth Elementalist on Apr 28, 2023.
             Slain by a sky beast (5 damage)
             ... on level 3 of the Dungeon.
             The game lasted 00:03:44 (1673 turns).

Arzdou the Digger (Demigod Earth Elementalist)      Turns: 1673, Time: 00:03:44

Health: -2/26      AC:  2    Str:  9    XL:     3   Next: 77%
Magic:  4/8        EV: 12    Int: 21    God:
Gold:   78         SH:  0    Dex: 14    Spells: 2/6 levels left

rFire   . . .        q - +0 sling
rCold   . . .        (no shield)
rNeg    . . .        a - +0 robe
rPois   .            (no helmet)
rElec   .            (no cloak)
rCorr   .            (no gloves)
SInv    .            (no boots)
Will    .....        (no amulet)
Stlth   ++           (no ring)
HPRegen 0.24/turn    (no ring)
MPRegen 0.11/turn

%: no passive effects
@: very slightly contaminated
A: high MP 1, forlorn, divine attributes
a: no special abilities


You were on level 3 of the Dungeon.
You visited 1 branch of the dungeon, and saw 3 of its levels.

You collected 78 gold pieces.

Inventory:

Hand Weapons
 q - a +0 sling (weapon)
Armour
 a - a +0 robe (worn)
Wands
 l - a wand of iceblast (4)
Scrolls
 f - a scroll of acquirement {unknown}
 g - a scroll of blinking {unknown}
 h - a scroll of noise {unknown}
 j - a scroll of fear {unknown}
 k - 4 scrolls of identify {unknown}
 m - a scroll of poison {unknown}
 o - a scroll of vulnerability {unknown}
Potions
 b - a potion of magic
 c - a potion of lignification {unknown}
 e - a potion of mutation {unknown}
 i - a potion of heal wounds {unknown}
 n - a potion of curing {unknown}
 p - a potion of degeneration {unknown}


   Skills:
 + Level 0.3 Fighting
 + Level 2.1 Dodging
 + Level 2.3 Stealth
 + Level 2.1 Spellcasting
 * Level 1.3 Conjurations
 - Level 1.2 Transmutations
 + Level 3.2 Earth Magic


You had 2 spell levels left.
You knew the following spells:

 Your Spells              Type           Power      Damage    Failure   Level
a - Sandblast             Erth           30%        2d9       3%          1
b - Stone Arrow           Conj/Erth      22%        3d8       17%         3

Your spell library contained the following spells:

 Spells                   Type           Power      Damage    Failure   Level
 Passwall                 Tmut/Erth      9%         N/A       9%          2
 Petrify                  Tmut/Erth      11%        N/A       50%         4


Dungeon Overview and Level Annotations

Branches:
Dungeon (3/15)


Innate Abilities, Weirdness & Mutations

You have an increased reservoir of magic. (+10% MP)
You shall have no god before yourself.
Your divine heritage dramatically boosts your attributes as you level up.


Message History

Found a stormy altar of Qazlal.
The sky beast flickers out of sight!
Deactivating autopickup; reactivate with Ctrl-A.
A sky beast appears from thin air!
Reactivating autopickup.
The sky beast misses you. The sky beast attacks as you move away!
The sky beast hits you. The sky beast shocks you.
The sky beast flickers out of sight!
Deactivating autopickup; reactivate with Ctrl-A.
Something hits you. Something shocks you.
A sky beast appears from thin air!
Reactivating autopickup.
You are too injured to fight recklessly!
Casting: Sandblast (safe; 3% risk of failure)
Confirm with . or Enter, or press ? or * to list all spells.
The spell is quite dangerous to miscast (17% risk of failure)!
Continue anyway? [Y]es or [N]o only, please.
The spell is quite dangerous to miscast (17% risk of failure)!
Continue anyway?
Aiming: Stone Arrow (quite dangerous; 17% risk of failure)
Press: ? - help, Shift-Dir - straight line, f - sky beast
Aim: a sky beast (56% to hit)
The stone arrow hits the sky beast!
The sky beast is heavily wounded.
The sky beast misses you.
You are too injured to fight recklessly!
Casting: Stone Arrow (quite dangerous; 17% risk of failure)
Confirm with . or Enter, or press ? or * to list all spells.
Aiming: Sandblast (safe; 3% risk of failure)
Press: ? - help, Shift-Dir - straight line, f/p - sky beast
Aim: a sky beast (heavily wounded, 75% to hit)
You miscast Sandblast.
You are very lightly contaminated with residual magic.
Nothing appears to happen.
The sky beast hits you. The sky beast shocks you.
* * * LOW HITPOINT WARNING * * *
The sky beast flickers out of sight!
Deactivating autopickup; reactivate with Ctrl-A.
Something hits you.
* * * LOW HITPOINT WARNING * * *
Something shocks you.
You die...

.#................ ##.....
.#.............#.# .......
.#.............#.## .......
........#.........##+#.......
........#.........#..........
......#.#....)...............
......+.....................#
......#..............)......#
............K.g{@...........#
.............†.....#>#......#
............g....###.#......#
....#.#............#.#......#
...#...#...........#<##...###
..#.....#...###....#.†..>.#
....._...............#....#
..#.....#..................+
.#...#................†..#


You could see 2 gnolls and a kobold.

Vanquished Creatures
  A worm (D:2)
  2 dart slugs
  An orc (D:3)
  4 bats (D:1)
  4 endoplasms
  2 giant cockroaches (D:1)
  5 goblins
  7 hobgoblins
  6 jackals
  2 quokkas
  7 ball pythons
  4 frilled lizards (D:1)
  5 kobolds
  4 rats (D:1)
54 creatures vanquished.

Vanquished Creatures (others)
  A plant (D:3)
1 creature vanquished.

Grand Total: 55 creatures vanquished

Notes
Turn   | Place    | Note
-------+----------+-------------------------------------------
     0 | D:1      | Arzdou the Demigod Earth Elementalist began the quest for
                  | the Orb.
     0 | D:1      | Reached XP level 1. HP: 14/14 MP: 5/5
   177 | D:1      | Reached skill level 1 in Transmutations
   205 | D:1      | Reached XP level 2. HP: 20/20 MP: 1/7
   301 | D:1      | Reached skill level 3 in Earth Magic
   725 | D:1      | Reached skill level 1 in Conjurations
   725 | D:1      | Reached XP level 3. HP: 26/26 MP: 6/8
   890 | D:1      | Learned a level 3 spell: Stone Arrow
  1656 | D:3      | Noticed a sky beast
  1673 | D:3      | Slain by a sky beast

Illustrated notes

Levels and vault maps discovered:
D:1:      saegor_arrival_simple_e, layout_basic, amcnicky_mini_pool_small,
          grunt_decor_mini_mirrors, minmay_quantized
D:2:      layout_rooms, chequers_serial_rivers_large_b
D:3:      layout_basic, nicolae_qazlal_beasts_of_the_sky,
          nicolae_overflow_crystal_walls, gammafunk_temple_overflow_pools,
          serial_shops, shop, nicolae_grassy_gnolls

Skill      XL: |  1  2  3 |
---------------+----------+-----
Transmutations | 1 |  1.2
Earth Magic    | 3 |  3.2
Stealth        | 2 |  2.3
Dodging        | 2 |  2.1
Conjurations   | 1 |  1.3
Spellcasting   | 2 |  2.1
Fighting       | |  0.3

Action                     || total
---------------------------++-------
  Melee: Mace              ||    11
   Cast: Sandblast         ||    70
         Stone Arrow       ||     1
 Armour: Robe              ||     7
  Dodge: Dodged            ||    29

Table legend: (Time is in decaauts)
 A = Elapsed time spent in this place.
 B = Non-inter-level travel time spent in this place.
 C = Inter-level travel time spent in this place.
 D = Time resting spent in this place.
 E = Time spent auto-exploring this place.
 F = Levels seen in this place.
 G = Mean time per level.
                   A        B        C        D        E       F      G
               +--------+--------+--------+--------+--------+-----+--------+
         Total |   1736 |   1658 |     78 |      0 |   1368 |   3 |  578.7 |
       Dungeon |   1736 |   1658 |     78 |      0 |   1368 |   3 |  578.7 |
               +--------+--------+--------+--------+--------+-----+--------+

Top non-repeatable levels by time:
     D:1: 936 daAuts
     D:2: 645 daAuts
     D:3: 154 daAuts
